 Dungeon Crawl Stone Soup version 0.31.0-12-g77e489cdc1 (webtiles) character file.

Game seed: 18411681264040283872

507 Doomgape the Shield-Bearer (level 6, -7/62 HPs)
             Began as a Troll Fighter on Mar 4, 2024.
             Mangled by Pikel
             ... wielding a +0 whip of flaming
              (9 damage)
             ... on level 4 of the Dungeon.
             The game lasted 00:05:04 (2368 turns).

Doomgape the Shield-Bearer (Troll Fighter)          Turns: 2368, Time: 00:05:04

Health: -7/62      AC:  4    Str: 27    XL:     6   Next: 97%
Magic:  5/5        EV:  9    Int:  4    God:
Gold:   141        SH:  8    Dex:  9    Spells: 5/5 levels left

rFire   . .          .
                       - Unarmed
rCold   . . .        b - +0 kite shield
rNeg    . . .        a - +0 robe
rPois   .            (helmet restricted)
rElec   .            (no cloak)
rCorr   .            (gloves unavailable)
SInv    .            (boots unavailable)
Will    .....        (no amulet)
Stlth   +            (no ring)
HPRegen 1.10/turn    (no ring)
MPRegen 0.09/turn

%: no passive effects
@: no status effects
A: large, unfitting armour, claws 3, regeneration 1, shaggy fur 1, tough skin 1
a: no special abilities


You were on level 4 of the Dungeon.
You visited 1 branch of the dungeon, and saw 4 of its levels.

You collected 141 gold pieces.

Inventory:

Armour
 a - a +0 robe (worn)
 b - a +0 kite shield (worn)
Scrolls
 e - 2 scrolls of identify {unknown}
 g - a scroll of teleportation {unknown}
 i - a scroll of amnesia {unknown}
 l - a scroll of noise {unknown}
Potions
 c - a potion of might
 d - 2 potions of curing
 f - a potion of enlightenment {unknown}
 h - a potion of brilliance
 j - 2 potions of attraction {unknown}
 k - a potion of heal wounds {unknown}


   Skills:
 + Level 3.8 Fighting
 + Level 3.9 Dodging
 + Level 4.3 Shields
 + Level 4.0 Unarmed Combat


You had 5 spell levels left.
You didn't know any spells.
Your spell library contained the following spells:

 Spells                   Type           Power      Damage    Failure   Level
 Magic Dart               Conj           0%         1d3       73%         1
 Slow                     Hex            0%         N/A       73%         1
 Searing Ray              Conj           0%         2d4       86%         2
 Confusing Touch          Hex            0%         N/A       97%         3
 Sigil of Binding         Hex            0%         N/A       97%         3
 Vampiric Draining        Necr           0%         2d6       97%         3
 Fulminant Prism          Conj/Alch      0%         3d5       100%        4


Dungeon Overview and Level Annotations

Branches:
Dungeon (4/15)
 Temple: D:4-7

Altars:
Ashenzari
Hepliaklqana
Kikubaaqudgha
Qazlal
Uskayaw
The Shining One

Annotations:
D:4 Pikel


Innate Abilities, Weirdness & Mutations

You are too large for most types of armour.
You have claws for hands.
Your natural rate of healing is unusually fast.
You are covered in fur. (AC +1)
You have tough skin. (AC +1)


Message History

Pikel hits you but does no damage. The lemure hits you but does no damage.
The lemure hits you.
Unknown command.
You scratch Pikel but do no damage.
Pikel is moderately wounded.
Pikel says, "You'll make a fine lemure."
Pikel hits you with a +0 whip of flaming.
Pikel burns you. You block the lemure's attack.
Unknown command.
You barely miss Pikel.
Pikel is moderately wounded.
You block Pikel's attack. The lemure hits you. You block the lemure's attack.
Unknown command.
You closely miss Pikel.
Pikel is moderately wounded.
The lemure hits you!
Pikel says, "You'll feel the lick of my whip!"
Pikel closely misses you. You block the lemure's attack. The lemure hits you.
The lemure hits you but does no damage.
Unknown command.
You claw Pikel!
Pikel is heavily wounded.
Pikel says, "All the lords of Hell know my name!"
Pikel hits you with a +0 whip of flaming!
Pikel burns you. The lemure completely misses you.
The lemure hits you but does no damage. The lemure hits you!
The lemure barely misses you.
You completely miss Pikel.
Pikel is heavily wounded.
Pikel hits you with a +0 whip of flaming!
* * * LOW HITPOINT WARNING * * *
Pikel burns you.
* * * LOW HITPOINT WARNING * * *
You block the lemure's attack. x3; The lemure hits you!
* * * LOW HITPOINT WARNING * * *
You miss Pikel.
Pikel is heavily wounded.
Pikel hits you with a +0 whip of flaming!
You die...
Pikel says, "See you in Hell!"

#................#
#................#
#...............##
#..............##
#..............# ####
##..........#..##...#
##..........#..#....#
#†.#.....####.....####
....###### #..5@5...#
.....#######...5K5...#
####.................#
...###..##........[..#
._.#.##.#............#
...#..#..............#
#'##..##.........?...#
.......#............##
...#####....


You could see Pikel and 4 lemures.

Vanquished Creatures
  Sigmund (D:2)
  A scorpion (D:3)
  A bombardier beetle (D:4)
  A hound (D:4)
  Jessica (D:2)
  Natasha (D:4)
  5 gnolls
  4 adders
  A white imp (D:3)
  A ribbon worm (D:2)
  2 dart slugs
  4 orcs (D:4)
  9 ball pythons
  8 bats
  7 endoplasms
  2 giant cockroaches
  4 goblins
  8 hobgoblins
  6 jackals (D:2)
  2 quokkas
  3 frilled lizards
  A goblin skeleton (D:3)
  4 hobgoblin zombies (D:3)
  5 kobolds
  A kobold skeleton (D:3)
  4 kobold zombies (D:3)
  An orc skeleton (D:3)
  2 orc zombies (D:3)
  3 rats
93 creatures vanquished.

Notes
Turn   | Place    | Note
-------+----------+-------------------------------------------
     0 | D:1      | Doomgape the Troll Fighter began the quest for the Orb.
     0 | D:1      | Reached XP level 1. HP: 22/22 MP: 0/0
    71 | D:1      | You fall into a shaft and drop 1 floor!
   110 | D:2      | Reached XP level 2. HP: 29/29 MP: 1/1
   261 | D:1      | Found a faded altar of an unknown god.
   266 | D:1      | Reached XP level 3. HP: 33/36 MP: 2/2
   909 | D:2      | Reached XP level 4. HP: 44/44 MP: 3/3
   953 | D:2      | Noticed Sigmund
   959 | D:2      | Killed Sigmund
   960 | D:2      | Reached XP level 5. HP: 48/53 MP: 4/4
  1040 | D:2      | Noticed Jessica
  1077 | D:2      | Reached XP level 6. HP: 34/61 MP: 5/5
  1079 | D:2      | Killed Jessica
  1177 | D:3      | Found an ancient bone altar of Kikubaaqudgha.
  1178 | D:3      | Found a stormy altar of Qazlal.
  1186 | D:3      | Found a hide-covered altar of Uskayaw.
  1189 | D:3      | Found a hazy altar of Hepliaklqana.
  1231 | D:3      | Found a glowing golden altar of the Shining One.
  2097 | D:4      | Found a broken altar of Ashenzari.
  2325 | D:4      | Noticed Natasha
  2329 | D:4      | Killed Natasha
  2356 | D:4      | Noticed Pikel
  2367 | D:4      | HP: 1/62 [lemure[Pikel] (7)]
  2368 | D:4      | Mangled by Pikel

Illustrated notes

Levels and vault maps discovered:
D:1:      nicolae_arrival_memento_mori, layout_basic, basic_ecumenical_altar,
          kennysheep_flooded_box
D:2:      layout_basic, serial_curves, eino_curves_03, eino_curves_01,
          uniq_sigmund, uniq_jessica
D:3:      layout_basic, nicolae_tso_besieged_by_evil,
          nicolae_overflow_macrodata_refinement, amethyst_killhole,
          serial_bayou_lake_a
D:4:      layout_cave_pods, nicolae_ashenzari_skybound, serial_shops,
          nicolae_shop_peninsula, uniq_natasha, uniq_pikel

Skill      XL: |  1  2  3  4  5  6 |
---------------+-------------------+-----
Shields        | 3 4 |  4.3
Fighting       | 3 |  3.8
Dodging        | 3 |  3.9
Unarmed Combat | 3 4 |  4.0

Action                     |  1- 3 |  4- 6 || total
---------------------------+-------+-------++-------
  Melee: Unarmed           |   120 |   146 ||   266
    Use: Potion            |       |     2 ||     2
         Scroll            |       |     1 ||     1
   Stab: Sleeping          |     1 |       ||     1
 Armour: Robe              |    76 |    94 ||   170
  Dodge: Dodged            |    37 |    57 ||    94
  Block: Kite shield       |    68 |    59 ||   127
